 Dungeon Crawl Stone Soup version 0.29.1-12-g30fa7ad0bf (webtiles) character file.

Game seed: 14761550354820607704

214 Descartes the Sneak (level 5, -3/24 HPs)
             Began as a Spriggan Fire Elementalist on Jan 9, 2023.
             Killed by divine providence
             ... invoked by an orc priest
              (13 damage)
             ... on level 5 of the Dungeon.
             The game lasted 00:10:11 (5048 turns).

Descartes the Sneak (Spriggan Fire Elementalist)    Turns: 5048, Time: 00:10:12

Health: -3/24      AC:  3    Str:  6    XL:     5   Next: 59%
Magic:  4/11       EV: 18    Int: 16    God:
Gold:   140        SH:  0    Dex: 16    Spells: 10/11 levels left

rFire   . . .      SeeInvis +   y - +8 morningstar of Annihilation {drain, Will+}
rCold   . . .      Faith    .   (no shield)
rNeg    . . .      Spirit   .   a - +0 robe
rPois   .          Reflect  .   (helmet restricted)
rElec   .          Harm     .   d - +0 cloak
rCorr   +          Rampage  .   (gloves unavailable)
Will    +....                   (boots unavailable)
Stlth   +++.......              (no amulet)
HPRegen 0.08/turn               n - ring of resist corrosion
MPRegen 0.12/turn               (no ring)

@: very quick
A: very small, no large weapons, unfitting armour, see invisible, speed 3
a: no special abilities


You were on level 5 of the Dungeon.
You visited 1 branch of the dungeon, and saw 5 of its levels.

You collected 140 gold pieces.

Inventory:

Hand Weapons
 c - a +0 short sword
 y - the +8 morningstar of Annihilation (weapon) {drain, Will+}
   (You found it on level 4 of the Dungeon)

   A truly terrible weapon, it drains the life of any living foe it strikes.
   Will:      It increases your willpower.
Missiles
 u - 4 atropa-tipped darts
 v - 3 poisoned darts
Armour
 a - a +0 robe (worn)
 d - a +0 cloak (worn)
Jewellery
 n - a ring of resist corrosion (left hand)
Wands
 p - a wand of flame (9)
Scrolls
 e - 2 scrolls of amnesia
 f - a scroll of fear
 g - a scroll of identify
 j - a scroll of enchant armour {unknown}
 m - 2 scrolls of brand weapon
 r - a scroll of enchant weapon
 s - a scroll of vulnerability
 t - a scroll of noise {unknown}
 w - a scroll of fog {unknown}
 x - a scroll of silence {unknown}
 z - a scroll of summoning {unknown}
Potions
 b - 3 potions of magic
 h - 3 potions of heal wounds {unknown}
 i - 3 potions of curing {unknown}
 k - a potion of lignification {unknown}
 l - 4 potions of attraction {unknown}
 o - a potion of flight {unknown}
 q - a potion of resistance {unknown}


   Skills:
 + Level 3.7 Dodging
 + Level 4.4 Stealth
 + Level 3.5 Spellcasting
 + Level 1.5 Conjurations
 + Level 2.0 Transmutations
 + Level 2.9 Fire Magic
 + Level 1.3 Poison Magic
 + Level 2.3 Evocations


You had 10 spell levels left.
You knew the following spells:

 Your Spells              Type           Power      Damage    Failure   Level
a - Foxfire               Conj/Fire      40%        2x1d6     7%          1

Your spell library contained the following spells:

 Spells                   Type           Power      Damage    Failure   Level
 Beastly Appendage        Tmut           18%        N/A       8%          1
 Scorch                   Fire           24%        2d6       9%          2
 Wereblood                Tmut           9%         N/A       12%         2
 Conjure Flame            Conj/Fire      10%        6-21      22%         3
 Spider Form              Tmut/Pois      8%         N/A       26%         3
 Inner Flame              Hex/Fire       7%         N/A       28%         3
 Flame Wave               Conj/Fire      10%        2d6       56%         4
 Petrify                  Tmut/Erth      6%         N/A       75%         4
 Metabolic Englaciation   Hex/Ice        1%         N/A       99%         5
 Statue Form              Tmut/Erth      4%         N/A       100%        6


Dungeon Overview and Level Annotations

Branches:
Dungeon (5/15)
 Temple: D:4-7

Altars:
Okawaru
Sif Muna

Shops:
D:4 :


Innate Abilities, Weirdness & Mutations

You are very small and have problems with some larger weapons.
You are too small for most types of armour.
You have supernaturally acute eyesight. (SInv)
You cover ground extremely quickly. (Speed+++)


Message History

Your foxfire dissipates!
Found a club.
Your foxfire dissipates!
l - 4 sedimented green potions (gained 1)
Found a dagger and a murky black potion.
Found a stone staircase leading down.
An orc priest comes into view. It is wielding a +0 flail.
The orc priest shouts!
Found a bronze wand.
An orc comes into view. It is wielding a +2 vampiric trident.
An orc wizard comes into view. It is wielding a +0 dagger.
You see here a murky black potion.
You see here a wand of flame (9).
p - a wand of flame (9)
The orc priest calls down the wrath of Beogh upon you.
Beogh smites you!
Ouch! That really hurt!
The jackal barks!
You hear a bark!
A wight comes into view. It is wielding a +3 dagger.
The jackal closely misses you.
Casting: Foxfire (safe; 7% risk of failure)
Confirm with . or Enter, or press ? or * to list all spells.
You conjure some foxfire!
The jackal bites you.
The foxfire hits the jackal.
The jackal is lightly wounded.
Casting: Foxfire (safe; 7% risk of failure)
Confirm with . or Enter, or press ? or * to list all spells.
You conjure some foxfire!
The foxfire hits the jackal.
The jackal is moderately wounded.
The jackal barely misses you.
The orc priest begins to cast a cantrip, but forgets the words!
The jackal bites you but does no damage.
The foxfire hits the jackal.
The jackal is heavily wounded.
The foxfire hits the jackal.
The jackal is severely wounded.
The jackal closely misses you.
The orc priest calls down the wrath of Beogh upon you.
Beogh smites you!
Ouch! That really hurt!
You die...

,,,,,,**,,,***,**#...............
,,,,,,*,,,,**,,,*#...............
,,,,,,,**,,***,**#....o..........
,,,,,,***,,**,,,*#.o..........(..
,,,,,,***,,*##,**#.......).......
,,,,,,,,,,,*#..,*#.........#...##
,,,,**,,,..###.###.....##..#..).#
*,,,**,**.............###..###...
,,,,,,,,,.......@h....###,..*##..
,,,,,,,,,......#h.........,,,,#..
,,,,,,,,,.....,#....z....#*,,,...
,,,,**,,,....,,#.........#*,**,,,
,,*,***,,...,,,#.##...#....,,**,,
,,*,****,.#,,,,..###..#....,,,,,,
,,,,,*,,,,***,....*,.##,...,,,,,,
,,,,,,,,,,,*,.....,,..,,,,,,,,,,,
,,,,,,,,,,,,*....,,,,..,,,,,,,,,,


You could see a wight, an orc priest, an orc wizard and 2 jackals.

Vanquished Creatures
  An ogre (D:4)
  An iguana (D:4)
  An adder (D:3)
  A worm (D:5)
  2 dart slugs
  3 orcs (D:3)
  6 ball pythons
  6 bats
  10 endoplasms
  4 giant cockroaches
  6 goblins
  9 hobgoblins
  A jackal (D:3)
  12 kobolds
  3 quokkas
  6 frilled lizards
  6 rats
78 creatures vanquished.

Vanquished Creatures (others)
  328 foxfires
328 creatures vanquished.

Grand Total: 406 creatures vanquished

Notes
Turn   | Place    | Note
-------+----------+-------------------------------------------
     0 | D:1      | Descartes the Spriggan Fire Elementalist began the quest
                  | for the Orb.
     0 | D:1      | Reached XP level 1. HP: 9/9 MP: 5/5
    43 | D:1      | Found a faded altar of an unknown god.
   503 | D:1      | Reached XP level 2. HP: 13/13 MP: 2/6
  1339 | D:2      | Reached skill level 1 in Conjurations
  1339 | D:2      | Reached XP level 3. HP: 16/16 MP: 2/8
  1441 | D:2      | Reached skill level 1 in Transmutations
  1465 | D:2      | Reached skill level 1 in Evocations
  2495 | D:3      | Identified the +1 leather armour "Nixtuel" {Harm Int+6}
  3033 | D:3      | Reached XP level 4. HP: 21/21 MP: 5/9
  3181 | D:3      | Found an iron altar of Okawaru.
  3819 | D:4      | Found a shimmering blue altar of Sif Muna.
  4095 | D:4      | Reached skill level 4 in Stealth
  4329 | D:4      | Found Ahushruc's Book Shoppe.
  4411 | D:4      | Reached skill level 1 in Poison Magic
  4787 | D:4      | Identified the +8 morningstar of Annihilation {drain,
                  | Will+}
  4951 | D:5      | Entered Level 5 of the Dungeon
  4951 | D:5      | Noticed an ogre
  4968 | D:4      | Killed an ogre
  4969 | D:4      | Reached XP level 5. HP: 24/24 MP: 5/11
  5048 | D:5      | Killed from afar by an orc priest

Illustrated notes

Levels and vault maps discovered:
D:1:      dpeg_arrival_shelter, layout_basic, hellmonk_ecumenical_altar_lost_god
D:2:      layout_loops_ring
D:3:      layout_loops_ring, okawaru_ov_weapons_minmay, minmay_pentomino_pile
D:4:      layout_loops_cross, overflow_temple_1_default, serial_shops,
          nicolae_lakefront_shop
D:5:      layout_cave_pools, portal_sewer_entry_f, minmay_misc_feat_hallway

Skill      XL: |  1  2  3  4 |
---------------+-------------+-----
Spellcasting   | 3 |  3.5
Dodging        | 3 |  3.7
Conjurations   | 1 |  1.5
Transmutations | 1 2 |  2.0
Evocations     | 1 2 |  2.3
Stealth        | 4 |  4.4
Poison Magic   | 1 |  1.3
Fire Magic     | |  2.9

Action                   |  1- 3 |  4- 6 || total
-------------------------+-------+-------++-------
Melee: Short sword       |     4 |     2 ||     6
       Punch             |       |     1 ||     1
 Cast: Foxfire           |   134 |    71 ||   205
  Use: Scroll            |       |     7 ||     7
Armor: Robe              |     8 |     5 ||    13
Dodge: Dodged            |    44 |    18 ||    62
